 Dungeon Crawl Stone Soup version 0.30-a0-632-g346586fe48 (webtiles) character file.

Game seed: 11401131313567821080

168607 drugrobin the Wrestler (level 16, -8/124 (146) HPs)
             Began as a Demigod Delver on Jan 14, 2023.
             Mangled by a pharaoh ant (32 damage)
             ... on level 3 of the Spider Nest.
             The game lasted 02:03:30 (34495 turns).

drugrobin the Wrestler (Demigod Delver)            Turns: 34495, Time: 02:03:30

HP:   -8/124 (146)  AC: 20    Str: 25    XL:     16   Next: 79%
MP:   23/28         EV:  8    Int: 20    God:
Gold: 3290          SH:  0    Dex: 14    Spells: 10/15 levels left

rFire   . . .      SeeInvis +      - Unarmed
rCold   + + .      Faith    .    (shield currently unavailable)
rNeg    . . .      Spirit   .    D - +4 chain mail of Satisfaction {rElec Will+}
rPois   +          Reflect  .    G - +2 hat "Xoecseuc" {Str+7 Dex-5}
rElec   +          Harm     .    v - +2 cloak {rCorr}
rCorr   +          Rampage  .    (gloves currently unavailable)
Will    ++...                    B - +2 pair of boots Stlth
                                 T - amulet of regeneration
HPRegen 1.20/turn                P - ring of the Stag {+Blink rPois rC++ Str-3 SInv}
MPRegen 0.21/turn                a - ring "Piun" {rCorr MP+9 Slay+5, =R}

@: blade hands (expiring), hasted, heavily drained, very quick
A: high MP 1, forlorn, divine attributes
a: End Transformation, Evoke Blink


You were on level 3 of the Spider Nest.
You had blades for hands.
You visited 5 branches of the dungeon, and saw 30 of its levels.
You also visited: Bailey, Gauntlet and Volcano.

You collected 3771 gold pieces.
You spent 481 gold pieces at shops.

Inventory:

Hand Weapons
 b - a +0 sling of flaming
 c - a +2 dagger of venom
Missiles
 m - 81 poisoned darts
 s - 4 throwing nets
 t - 5 curare-tipped darts
 J - 21 boomerangs (quivered)
Armour
 h - a +3 buckler of protection (melded)
 v - a +2 cloak of preservation (worn)
 B - a +2 pair of boots (worn)
 D - the +4 chain mail of Satisfaction (worn) {rElec Will+}
   (You found it on level 4 of the Dungeon)

   rElec:     It insulates you from electricity.
   Will:      It increases your willpower.
 F - +5 fire dragon scales
 G - the +2 hat "Xoecseuc" (worn) {Str+7 Dex-5}
   (You found it in a volcano)

   Str:       It affects your strength (+7).
   Dex:       It affects your dexterity (-5).
 W - the +0 pair of fencer's gloves (melded) {Riposte Dex+3}
   (You found it on level 14 of the Dungeon)

   Riposte:   It allows the wearer to riposte with melee weapons, swiftly
   retaliating against missed or blocked melee attacks.
   Dex:       It affects your dexterity (+3).
Jewellery
 a - the ring "Piun" (right blade hand) {rCorr MP+9 Slay+5, =R}
   (You acquired it on level 8 of the Dungeon)

   [ring of magical power]

   Slay:      It affects your accuracy & damage with ranged weapons and melee
   (+5).
   MP:        It affects your magic capacity (+9).
   rCorr:     It protects you from acid and corrosion.
 p - the ring "Laf Lih" {Will+ rCorr Int-2 Dex+7}
   (You took it off a centaur warrior on level 14 of the Dungeon)

   [ring of willpower]

   Int:       It affects your intelligence (-2).
   Dex:       It affects your dexterity (+7).
   rCorr:     It protects you from acid and corrosion.
   Will:      It increases your willpower.
 H - a ring of flight
 K - a ring of fire
 P - the ring of the Stag (left blade hand) {+Blink rPois rC++ Str-3 SInv}
   (You acquired it on level 14 of the Dungeon)

   [ring of see invisible]

   Str:       It affects your strength (-3).
   rC:        It greatly protects you from cold.
   rPois:     It protects you from poison.
   SInv:      It lets you see invisible.
   +Blink:    It lets you blink.
 T - an amulet of regeneration (around neck)
Wands
 f - a wand of digging (13)
 l - a wand of mindburst (18)
 o - a wand of paralysis (18)
 X - a wand of acid (6)
Scrolls
 e - a scroll of amnesia
 g - 15 scrolls of teleportation
 i - 3 scrolls of fog
 k - 4 scrolls of immolation
 r - 4 scrolls of magic mapping
 w - a scroll of fear
 z - 3 scrolls of summoning
 A - 7 scrolls of vulnerability
 Q - 6 scrolls of poison
 U - 4 scrolls of silence
Potions
 d - 2 potions of invisibility
 j - 3 potions of berserk rage
 q - 4 potions of might
 u - 4 potions of ambrosia
 x - 4 potions of heal wounds
 C - 2 potions of resistance
 E - 2 potions of cancellation
 M - 9 potions of haste
 O - 16 potions of curing
 S - 3 potions of lignification
 Z - 6 potions of attraction
Miscellaneous
 I - a tin of tremorstones (1/2)
 N - a piece from Xom's chessboard (15/15)
 Y - a phantom mirror


   Skills:
 + Level 14.1 Fighting
 - Level 1.7 Dodging
 - Level 4.5 Stealth
 - Level 22.6 Unarmed Combat
 * Level 10.8 Transmutations
 - Level 6.0 Evocations


You had 10 spell levels left.
You knew the following spells:

 Your Spells              Type           Power      Damage    Failure   Level
a - Blade Hands           Tmut           21%        N/A       85%         5

Your spell library contained the following spells:

 Spells                   Type           Power      Damage    Failure   Level
 Ignite Poison            Fire/Tmut/Pois 14%        N/A       96%         3
 Necrotise                Necr           0%         1d4       98%         1
 Slow                     Hex            0%         N/A       98%         1
 Cigotuvi's Dreadful Rot  Necr/Pois/Air  0%         N/A       99%         2
 Poisonous Vapours        Pois/Air       0%         N/A       99%         2
 Ice Form                 Ice/Tmut       21%        N/A       99%         4
 Confusing Touch          Hex            0%         N/A       100%        3
 Frozen Ramparts          Ice            0%         1d1       100%        3
 Gell's Gravitas          Tloc           0%         N/A       100%        3
 Kindle Blastsparks       Fire/Tloc/Air  0%         2d10      100%        3
 Lesser Beckoning         Tloc           0%         N/A       100%        3
 Mephitic Cloud           Conj/Pois/Air  0%         N/A       100%        3
 Portal Projectile        Hex/Tloc       0%         N/A       100%        3
 Teleport Other           Tloc           0%         N/A       100%        3
 Tukima's Dance           Hex            0%         N/A       100%        3
 Vampiric Draining        Necr           0%         2d6       100%        3
 Anguish                  Hex/Necr       0%         N/A       100%        4
 Animate Armour           Summ/Erth      0%         N/A       100%        4
 Animate Dead             Necr           0%         N/A       100%        4
 Fulminant Prism          Conj/Hex       0%         3d5       100%        4
 Iskenderun's Mystic Bla  Conj/Tloc      0%         2d3       100%        4
 Passage of Golubria      Tloc           0%         N/A       100%        4
 Summon Ice Beast         Ice/Summ       0%         N/A       100%        4
 Agony                    Necr           0%         N/A       100%        5
 Borgnjor's Vile Clutch   Necr/Erth      0%         N/A       100%        5
 Fireball                 Conj/Fire      0%         3d3       100%        5
 Freezing Cloud           Conj/Ice/Air   0%         6-21      100%        5
 Irradiate                Conj/Tmut      10%        3d15      100%        5
 Iskenderun's Battlesphe  Conj           0%         2d6       100%        5
 Lee's Rapid Deconstruct  Erth           0%         3d4*      100%        5
 Yara's Violent Unravell  Hex/Tmut       10%        3d6       100%        5
 Conjure Ball Lightning   Conj/Air       0%         3x3d6     100%        6
 Death Channel            Necr           0%         N/A       100%        6
 Iron Shot                Conj/Erth      0%         9d1       100%        6
 Dragon Form              Tmut           21%        N/A       100%        7
 Enfeeble                 Hex            0%         N/A       100%        7
 Orb of Destruction       Conj           0%         9d5       100%        7
 Chain Lightning          Conj/Air       0%         N/A       100%        9


Dungeon Overview and Level Annotations

Branches:
Dungeon (15/15)            Temple (0/1) D:6            Lair (5/5) D:8
 Shoals (4/4) Lair:3       Spider (4/4) Lair:2        Slime (0/5) Lair:4
    Orc (2/2) D:9             Elf (0/3) Orc:2        Vaults (0/5) D:14
 Depths (0/4) D:15         Bailey (visited)         Volcano (visited)
Gauntlet (visited)

Shops:
D:2 ?   D:10 *   Orc:1 [   Orc:2 =?*=   Shoals:1 !

Portals:
Abyss: Shoals:1
Trove: D:15 (give 5 scrolls of blinking)

Annotations:
D:5 3 runed translucent doors, snackwell's ghost, novice DsTm
D:9 Erolcha
D:11 4 transporters
Lair:4 1 runed translucent door, porpoise's ghost, journeyman VSBr
Shoals:1 1 runed translucent door
Shoals:3 1 runed translucent door
Spider:1 1 runed translucent door, Paroid's ghost, journeyman DrMo
Spider:2 exclusion: oklob plant


Innate Abilities, Weirdness & Mutations

You have blades for hands.
Your spellcasting is less reliable in this form.
You are incapable of wielding weapons or throwing items.
You have an increased reservoir of magic. (+10% MP)
You shall have no god before yourself.
Your divine heritage dramatically boosts your attributes as you level up.


Message History

Casting: Blade Hands (dangerous; 56% risk of failure)
Confirm with . or Enter, or press ? or * to list all spells.
Your hands turn into razor-sharp scythe blades.
The +0 pair of fencer's gloves {Riposte Dex+3} melds into your body.
Your +3 buckler of protection melds into your body.
You feel less protected.
Your transformation is almost over.
Unknown command.
Unknown command.
You feel much better. The pharaoh ant bites you!!
You feel drained. The pharaoh ant bites you!!
* * * LOW HITPOINT WARNING * * *
Unknown command.
Unknown command.
Unknown command.
Okay, then.
Okay, then.
Unknown command.
Okay, then.
Unknown command.
Unknown command.
Unknown command.
Unknown command.
Okay, then.
Unknown command.
Okay, then.
Unknown command.
Press: ? - help, v - describe, . - travel
Here: a pharaoh ant The floor.
Unknown command.
Unknown command.
Press: ? - help, v - describe, . - travel
Here: a pharaoh ant The floor.
Okay, then.
You feel yourself speed up.
You feel stable enough to blink again. The pharaoh ant bites you!!
You die...

##.........######.....
#........###..#.###..
#......### #....####.
##..#.######.....####
##...#..^##......##
##.......###.)....##
#........###........
#...B^....##........
#..@B...>.##^.......
##..s.......#......#
###........#.#.....#
#..#......##########
##.###....###....#.^
###.# ##..###........
#..### #####.........
#....# ##..........
#..^.# ##..........#


You could see 2 pharaoh ants and a tarantella.

Vanquished Creatures
  Nikola (Spider:3)
  Gastronok (D:9)
  Polyphemus (Shoals:3)
  An emperor scorpion (Spider:1)
  Louise (Shoals:3)
  An orc warlord (Orc:2)
  A minotaur (Gauntlet)
  A spark wasp (Spider:2)
  6 entropy weavers
  A fire dragon (D:15)
  A vault guard (D:15)
  4 ghost crabs (Lair:3)
  15 centaur warriors
  6 hydras
  A radroach (Spider:1)
  A merfolk aquamancer (Shoals:2)
  5 catoblepae
  2 merfolk avatars
  An ogre mage (Volcano)
  A death knight (D:13)
  2 satyrs
  9 two-headed ogres
  Erica (Orc:1)
  8 boulder beetles
  A tengu warrior (D:14)
  13 death yaks
  A hell knight (Volcano)
  An orc high priest (Orc:2)
  Sonja (Lair:1)
  Amaemon (D:8)
  7 fire crabs
  2 pharaoh ants
  7 sea snakes
  A flayed ghost (D:14)
  Pikel (D:6)
  4 orb spiders
  2 steelbarb worms (Spider:3)
  An orange crystal statue (Gauntlet)
  3 deep elf pyromancers
  An orc knight (Orc:2)
  3 harpies (Shoals:2)
  8 orc sorcerers
  6 cyclopes
  7 wolf spiders
  5 manticores
  4 ugly things
  14 fauns
  3 moths of wrath
  3 elephants (Lair:3)
  An elephant (shapeshifter) (D:15)
  3 apocalypse crabs
  7 demonic crawlers
  3 merfolk sirens
  14 slime creatures
  Maurice (D:11)
  7 black mambas
  5 torpor snails
  An orange demon (Lair:1)
  3 water nymphs
  4 gargoyles
  9 cane toads
  5 rime drakes
  2 kobold demonologists
  A freezing wraith (D:14)
  A yaktaur (shapeshifter) (D:14)
  9 komodo dragons
  8 meliai
  12 merfolk
  A queen bee (Spider:3)
  4 trolls
  A meliai (shapeshifter) (D:14)
  4 tarantellas
  4 wind drakes
  2 polar bears
  2 hornets
  12 blink frogs
  12 snapping turtles
  10 dream sheep
  2 centaur simulacra
  8 jumping spiders
  22 culicivoras
  A shadow (D:10)
  65 yaks
  7 water elementals
  3 vampires
  A spriggan (shapeshifter) (D:14)
  13 fire bats
  A spriggan (Lair:5)
  5 wyverns
  3 wraiths
  38 redbacks
  6 basilisks
  11 humans (D:14)
  17 vampire mosquitoes
  Menkaure (D:7)
  Edmund (D:5)
  3 wargs
  10 acid dragons
  17 water moccasins
  32 orc warriors
  2 ice beasts
  3 black bears
  3 ogres
  14 wolves
  7 centaurs
  A phantom (D:5)
  3 kobold brigands
  15 bullfrogs
  3 gnoll sergeants
  A necrophage (D:5)
  2 scorpions
  7 wights
  20 killer bees
  2 oklob saplings (D:8)
  3 howler monkeys
  13 electric eels
  7 lava snakes (Volcano)
  27 orc priests
  A gnoll bouda (Lair:4)
  2 jellies (D:5)
  5 hounds
  Crazy Yiuf (D:2)
  3 iguanas
  33 orc wizards
  A mummy (D:7)
  Robin (D:1)
  14 gnolls
  12 adders
  A shadow imp (D:7)
  2 ufetubi
  2 dart slugs
  68 orcs
  13 ball pythons
  8 endoplasms
  2 giant cockroaches (D:3)
  18 goblins
  17 hobgoblins
  2 jackals (D:4)
  8 kobolds
  9 quokkas
  3 bats
  3 frilled lizards (D:1)
  2 hobgoblin zombies (D:7)
  2 kobold zombies (D:7)
  5 rats (D:2)
958 creatures vanquished.

Vanquished Creatures (others)
  A vault guard (D:14)
  2 goblins (Bailey)
  3 bushes (Lair:5)
  28 fungi
  84 plants
118 creatures vanquished.

Grand Total: 1076 creatures vanquished

Notes
Turn   | Place    | Note
-------+----------+-------------------------------------------
     0 | D:5      | drugrobin the Demigod Delver began the quest for the Orb.
     0 | D:5      | Reached XP level 1. HP: 18/18 MP: 3/3
    23 | D:5      | Noticed a black bear
   176 | D:3      | Reached skill level 2 in Unarmed Combat
   245 | D:3      | Reached XP level 2. HP: 22/25 MP: 4/4
   262 | D:2      | Noticed Robin
   374 | D:1      | Reached skill level 3 in Unarmed Combat
   814 | D:1      | Reached XP level 3. HP: 30/30 MP: 5/5
   943 | D:1      | Noticed a snapping turtle
   943 | D:1      | Noticed a swamp worm
   943 | D:1      | Noticed a redback
   945 | D:1      | Noticed a polar bear
   945 | D:1      | Noticed a hog
  1365 | D:2      | Reached skill level 4 in Unarmed Combat
  1531 | D:1      | Killed Robin
  1532 | D:1      | Reached XP level 4. HP: 18/37 MP: 6/6
  1629 | D:2      | Found Mapih's Magic Scroll Shop.
  1646 | D:2      | Bought a scroll of identify for 20 gold pieces
  1646 | D:2      | Bought a scroll of teleportation for 30 gold pieces
  1797 | D:2      | Found a runed translucent door.
  1798 | D:2      | Noticed Crazy Yiuf
  1803 | D:2      | Killed Crazy Yiuf
  2007 | D:2      | Reached skill level 5 in Unarmed Combat
  2007 | D:2      | Reached XP level 5. HP: 37/42 MP: 7/7
  2435 | D:3      | Identified the +5 quarterstaff of Qazlal's Castigation
                  | {flame, Int+2}
  3034 | D:4      | Reached skill level 6 in Unarmed Combat
  3059 | D:4      | Identified the +4 chain mail of Satisfaction {rElec Will+}
  3118 | D:4      | Reached XP level 6. HP: 41/50 MP: 8/8
  3672 | D:5      | Reached skill level 7 in Unarmed Combat
  3830 | D:5      | Reached XP level 7. HP: 56/56 MP: 9/9
  3925 | D:5      | Reached skill level 8 in Unarmed Combat
  4050 | D:5      | Found a runed translucent gate.
  4050 | D:5      | Found a runed translucent gate.
  4052 | D:5      | Found a runed translucent gate.
  4056 | D:5      | Noticed snackwell's ghost (novice DsTm)
  4057 | D:5      | Identified the +0 chain mail of Seuf {rF++ Dex-4 Slay+5}
  4232 | D:5      | Identified a scroll of acquirement
  4335 | D:2      | Bought a scroll of summoning for 95 gold pieces
  4335 | D:2      | Bought a scroll of enchant armour for 75 gold pieces
  4691 | D:6      | Noticed Edmund
  4704 | D:5      | Killed Edmund
  4705 | D:5      | Reached skill level 9 in Unarmed Combat
  4745 | D:6      | Reached XP level 8. HP: 58/62 MP: 10/10
  5203 | D:5      | Reached skill level 10 in Unarmed Combat
  5625 | D:6      | Found a staircase to the Ecumenical Temple.
  5789 | D:7      | Noticed Pikel
  6089 | D:6      | Killed Pikel
  6090 | D:6      | Reached skill level 11 in Unarmed Combat
  6090 | D:6      | Reached XP level 9. HP: 64/68 MP: 11/11
  6657 | D:7      | Reached skill level 12 in Unarmed Combat
  6926 | D:7      | Noticed Menkaure
  6932 | D:7      | Killed Menkaure
  7121 | D:8      | Noticed a two-headed ogre
  7136 | D:8      | Killed a two-headed ogre
  7220 | D:8      | Reached skill level 13 in Unarmed Combat
  7748 | D:8      | Acquired the ring "Piun" {rCorr MP+9 Slay+5}
  7752 | D:8      | Found a staircase to the Lair.
  7898 | D:8      | Noticed a two-headed ogre
  8210 | D:8      | Reached XP level 10. HP: 74/74 MP: 13/13
  8562 | D:8      | Reached skill level 14 in Unarmed Combat
  9002 | D:9      | Found a staircase to the Orcish Mines.
  9289 | D:9      | Noticed Gastronok
  9325 | D:9      | Killed Gastronok
  9326 | D:9      | Reached skill level 15 in Unarmed Combat
  9459 | D:9      | Noticed Erolcha
  9586 | Lair:1   | Entered Level 1 of the Lair of Beasts
  9586 | Lair:1   | Noticed Sonja
  9586 | Lair:1   | Noticed Amaemon
  9596 | D:8      | Reached skill level 5 in Fighting
  9709 | D:10     | Entered Level 10 of the Dungeon
  9805 | D:10     | Found Eckauq's Assorted Antiques.
  9841 | D:10     | Noticed a two-headed ogre
  9858 | D:9      | Killed a two-headed ogre
  9859 | D:9      | Reached XP level 11. HP: 78/88 MP: 14/14
  9930 | D:10     | Found a flagged portal.
  9936 | D:10     | Noticed a two-headed ogre
  9939 | Bailey   | Entered a bailey
 10395 | Bailey   | Noticed a soul eater
 10528 | Bailey   | Noticed a sun demon
 10630 | Bailey   | Identified the +2 spear "Zumniafu" {pain, Str+3}
 10632 | Bailey   | Identified the +7 long sword of the Mushroom {venom, Drain
                  | +Blink rF+ MP+9}
 10633 | Bailey   | Identified the +9 arbalest of the Glimmering Gods {flame,
                  | Will++}
 10664 | Bailey   | Identified the +2 leather armour of the Clean Bull {Stlth+}
 10667 | Bailey   | Identified the +0 leather armour of the Little Devil
                  | {+Blink rC+}
 10847 | D:10     | Killed a two-headed ogre
 10848 | D:10     | Reached skill level 16 in Unarmed Combat
 11373 | D:8      | Killed Amaemon
 11439 | Lair:1   | Killed Sonja
 11563 | D:8      | HP: 2/92 [yak (3)]
 11868 | Lair:1   | Identified the +0 robe of Love and Death {rN+}
 12012 | Lair:1   | Acquired 1015 gold pieces
 12405 | Lair:2   | Reached skill level 17 in Unarmed Combat
 12405 | Lair:2   | Reached XP level 12. HP: 89/101 MP: 15/15
 12861 | Lair:2   | Noticed a six-headed hydra
 12869 | Lair:2   | Killed a six-headed hydra
 13128 | Lair:2   | Found a hole to the Spider Nest.
 13893 | Lair:3   | Found a runed translucent door.
 13950 | Lair:3   | Reached skill level 18 in Unarmed Combat
 13990 | Lair:3   | Reached skill level 1 in Evocations
 14320 | Lair:3   | You fall into a shaft and drop 1 floor!
 14498 | Lair:4   | Found a staircase to the Slime Pits.
 14953 | Lair:4   | Found a runed translucent door.
 14966 | Lair:4   | Noticed porpoise's ghost (journeyman VSBr)
 15083 | Lair:5   | Entered Level 5 of the Lair of Beasts
 15150 | Lair:5   | Noticed a catoblepas
 15159 | Lair:5   | Killed a catoblepas
 15160 | Lair:5   | Reached XP level 13. HP: 111/111 MP: 16/16
 15168 | Lair:5   | Found a dark tunnel.
 15180 | Volcano  | Entered a volcano
 15507 | Volcano  | Identified the +2 hat "Xoecseuc" {Str+7 Dex-5}
 15653 | Lair:5   | Reached skill level 10 in Fighting
 15826 | Lair:4   | Reached skill level 19 in Unarmed Combat
 17223 | Lair:5   | Reached XP level 14. HP: 105/124 MP: 17/17
 17574 | Orc:1    | Entered Level 1 of the Orcish Mines
 17574 | Orc:1    | Found Sem Gebec's Armour Shop.
 17691 | Orc:2    | Entered Level 2 of the Orcish Mines
 17696 | Orc:2    | Reached skill level 20 in Unarmed Combat
 18020 | Orc:2    | Paralysed by an orc sorcerer for 2 turns
 18132 | Orc:2    | Found a staircase to the Elven Halls.
 18395 | Orc:2    | Found Boiwkyucs's Jewellery Emporium.
 18395 | Orc:2    | Found Rejuhiro's Magic Scroll Emporium.
 18396 | Orc:2    | Found Yluomeitwo's Jewellery Shoppe.
 18401 | Orc:2    | Found Qozav's General Store.
 18406 | Orc:2    | Bought a scroll of blinking for 105 gold pieces
 18746 | Orc:1    | Noticed Erica
 18754 | Orc:1    | Killed Erica
 18811 | Orc:1    | Noticed an orc warlord
 18858 | Orc:2    | Killed an orc warlord
 19754 | Spider:1 | Entered Level 1 of the Spider Nest
 20306 | Lair:3   | Found a staircase to the Shoals.
 20708 | Lair:3   | Reached skill level 5 in Evocations
 20831 | Lair:3   | Identified the +1 pair of boots of the Hidden Vale {-Tele
                  | Harm Regen+ Dex+5}
 20981 | Shoals:1 | Entered Level 1 of the Shoals
 21321 | Shoals:1 | Reached skill level 21 in Unarmed Combat
 21343 | Shoals:1 | Found a runed translucent door.
 21386 | Shoals:1 | Found a one-way gate to the infinite horrors of the Abyss.
 21632 | Shoals:1 | Found Nitzol's Distillery.
 21644 | Shoals:1 | Bought a potion of attraction for 36 gold pieces
 21644 | Shoals:1 | Bought a potion of heal wounds for 60 gold pieces
 21644 | Shoals:1 | Bought a potion of heal wounds for 60 gold pieces
 22655 | Shoals:2 | Reached XP level 15. HP: 39/132 MP: 18/18
 23585 | Shoals:3 | Reached skill level 22 in Unarmed Combat
 23667 | Shoals:3 | Noticed Polyphemus
 23683 | Shoals:3 | Killed Polyphemus
 24135 | Shoals:3 | Noticed Louise
 24241 | Shoals:3 | Killed Louise
 24261 | Shoals:3 | Found a runed translucent door.
 24972 | Shoals:4 | Entered Level 4 of the Shoals
 25316 | Lair:2   | HP: 6/132 [poisoned by a redback]
 25571 | D:11     | Found a transporter.
 25573 | D:11     | Found a transporter.
 25574 | D:11     | Found a transporter.
 25784 | D:11     | Found a transporter.
 25793 | D:11     | Learned a level 5 spell: Blade Hands
 25814 | D:11     | Noticed Maurice
 25837 | D:11     | Killed Maurice
 26066 | D:11     | Reached skill level 1 in Transmutations
 27485 | D:13     | Identified the +1 battleaxe of Subterfuge {flame, rPois
                  | Will+ SInv}
 27960 | D:14     | Reached skill level 5 in Transmutations
 27966 | D:14     | Found a gate to the Vaults.
 28091 | D:14     | Acquired the ring of the Stag {+Blink rPois rC++ Str-3
                  | SInv}
 28105 | D:14     | Identified the ring "Laf Lih" {Will+ rCorr Int-2 Dex+7}
 28148 | D:14     | Found the +0 pair of fencer's gloves {Riposte Dex+3}
 28285 | D:14     | Got Binas's Grimoire of Weathered Firn
 28308 | D:14     | Reached XP level 16. HP: 118/141 MP: 19/19
 28904 | D:15     | Entered Level 15 of the Dungeon
 28932 | D:15     | Found a gate leading to a gauntlet.
 28953 | Gauntlet | Entered a Gauntlet
 28953 | Gauntlet | Found a transporter.
 28953 | Gauntlet | Found a transporter.
 28957 | Gauntlet | Found a transporter.
 28957 | Gauntlet | Found a transporter.
 28975 | Gauntlet | Found a transporter.
 28983 | Gauntlet | Found a transporter.
 28983 | Gauntlet | Found a transporter.
 28987 | Gauntlet | Found a transporter.
 29014 | Gauntlet | Found a transporter.
 29021 | Gauntlet | Found a transporter.
 29039 | Gauntlet | Found a transporter.
 29084 | Gauntlet | Found a transporter.
 29100 | Gauntlet | Found a transporter.
 29184 | Gauntlet | Found a transporter.
 29199 | Gauntlet | Found a transporter.
 29213 | Gauntlet | Found a transporter.
 29632 | Gauntlet | Identified the +8 short sword "Sibbozy" {flame, Will- Int+9
                  | Dex-3}
 29812 | D:15     | Found a portal to a secret trove of treasure.
 30820 | Spider:1 | Found a runed translucent door.
 30845 | Spider:1 | Noticed Paroid's ghost (journeyman DrMo)
 31628 | Spider:2 | You fall into a shaft and drop 1 floor!
 32169 | Spider:3 | Noticed Nikola
 32543 | Spider:2 | Reached skill level 10 in Transmutations
 32912 | Spider:2 | HP: 7/145 [disintegration (41)]
 33372 | Spider:3 | Killed Nikola
 34312 | Spider:4 | Entered Level 4 of the Spider Nest
 34495 | Spider:3 | Mangled by a pharaoh ant

Illustrated notes

Levels and vault maps discovered:
D:1:      onia_arrival_zoo_common, layout_basic
D:2:      layout_rooms, serial_shops, shop, uniq_robin, uniq_crazy_yiuf_cottage
D:3:      layout_loops_cross
D:4:      layout_rooms, serial_glass, glass_columns_c, glass_columns_a
D:5:      layout_loops_ring, minitemple, biasface_ghost_orc_armoury
D:6:      layout_cave_pools, minmay_temple_entry_hall, uniq_edmund
D:7:      minmay_inner_zag, layout_loops_ring, ashenzari_conservatory_becter,
          minmay_mini_ossuary, uniq_menkaure, uniq_pikel
D:8:      layout_loops_corners, lair_entry_dummy, introduction_to_nature_1
D:9:      layout_basic, mainiacjoe_overflow_cross_hatched, david_orc_3,
          uniq_gastronok, uniq_erolcha
D:10:     layout_rooms, serial_shops, nicolae_shop_overgrown_old_shop,
          enter_bailey_2, kennysheep_generic_room_4
D:11:     layout_basic, nicolae_diode_intersection, uniq_maurice
D:12:     layout_loops_ring, minivault_1, nicolae_figureground_pulse
D:13:     layout_roguey
D:14:     minmay_the_grid_octo_tiled_squarecenter_mashed
          [minmay_the_grid_octo_checkered, minmay_the_grid_octo_focus,
          minmay_the_grid_octo_chip, minmay_the_grid_octo_teeth,
          minmay_the_grid_square_5x5_megaprize_checkered,
          minmay_the_grid_square_5x5_three_walls,
          minmay_the_grid_square_5x5_three, minmay_the_grid_square_5x5_meh,
          minmay_the_grid_square_5x5_hollow_slash], layout_long_grid,
          ximxim_vaults_locker_room, solitary_fountain, grunt_tough_drop
D:15:     grunt_enter_depths_magical_seal, layout_irregular_city,
          gauntlet_entry_generic, enter_trove_5
Lair:1:   layout_misc_corridors, serial_bayou_pond_d, disabler_island,
          grunt_megastairs_1, uniq_sonja, uniq_amaemon
Lair:2:   layout_roguey, hellmonk_spider_entry_life_and_decay,
          beast_lair_carwin_5
Lair:3:   gammafunk_mikee_crab_dinner, layout_cave_pods,
          elwin_shoals_entry_rooms, grunt_megastairs_5, serial_bayou_shore_b,
          infiniplex_staircase_pool
Lair:4:   layout_concentric_octagons, slime_entry_1,
          ebering_ghost_reflecting_pool, dreamdust_gnoll_shepherd
Lair:5:   evilmike_catoblepas_cave, layout_gridlike,
          nicolae_volcano_entry_two_sided, grunt_forest_large_clearing_hut
Shoals:1: cheibrodos_shoals_satyrical_garden, layout_shoals, serial_shops,
          nicolae_shop_statue_plus, nicolae_shoals_abyss_on_the_beach
Shoals:2: layout_shoals, nicolae_shoals_cliffside_cave
Shoals:3: layout_shoals, lightli_airlock, uniq_louise, uniq_polyphemus
Shoals:4: shoals_end_hangedman, layout_shoals
Spider:1: layout_cave_pods, hellmonk_ghost_happy_afterlife
Spider:2: layout_cave_pods, nicolae_spider_acid_house
Spider:3: layout_chambers, nicolae_looking_at_the_future, uniq_nikola
Spider:4: guppyfry_spider_rune, nicolae_spider_world_wide_web
Orc:1:    layout_caves, basic_altar, serial_shops, shop,
          david_defended_altar_orc, uniq_erica
Orc:2:    st_orc_mages, layout_caves

Skill      XL: |  1  2  3  4  5  6  7  8  9 10 11 12 13 14 15 16 |
---------------+-------------------------------------------------+-----
Unarmed Combat | 2 3 4 5 6 7 9 11 13 15 17 18 19 21 22 | 22.6
Fighting       | 5 7 9 11 12 14 | 14.1
Evocations     | 2 4 6 |  6.0
Transmutations | 6 10 | 10.8
Dodging        | |  1.7
Stealth        | |  4.5

Action                   |  1- 3 |  4- 6 |  7- 9 | 10-12 | 13-15 | 16-18 || total
-------------------------+-------+-------+-------+-------+-------+-------++-------
Melee: Unarmed           |   188 |   178 |   203 |   597 |  1268 |   497 ||  2931
       Spear             |     4 |       |       |       |       |       ||     4
       Punch             |     5 |     9 |    16 |    19 |    20 |     5 ||    74
       Quarterstaff      |       |    20 |    27 |       |       |       ||    47
       Dagger            |       |       |    43 |   165 |     6 |     3 ||   217
 Fire: Sling             |    14 |    51 |    26 |    29 |     6 |     2 ||   128
       Shortbow          |       |       |    25 |     9 |       |       ||    34
       Arbalest          |       |       |       |    58 |    51 |       ||   109
Throw: Dart              |       |     1 |    13 |    18 |    56 |     4 ||    92
       Boomerang         |       |       |       |     8 |    63 |    38 ||   109
       Throwing net      |       |       |       |       |     1 |     1 ||     2
 Cast: Blade Hands       |       |       |       |       |       |     3 ||     3
 Abil: Evoke Blink       |       |       |       |       |       |     3 ||     3
Evoke: Wand              |       |     3 |    12 |    10 |    20 |     1 ||    46
       Piece from Xom's  |       |       |       |       |     4 |     2 ||     6
       Tin of tremorston |       |       |       |       |       |     2 ||     2
       Phantom mirror    |       |       |       |       |       |     1 ||     1
  Use: Scroll            |     1 |       |    19 |    13 |     7 |     8 ||    48
       Potion            |       |       |       |     4 |     5 |     2 ||    11
 Stab: Sleeping          |     5 |     2 |       |       |       |       ||     7
       Paralysed         |       |       |       |       |     8 |       ||     8
       Held in net/web   |       |       |       |       |     1 |     1 ||     2
       Distracted        |       |       |       |       |       |     1 ||     1
       Petrifying        |       |       |       |       |       |     1 ||     1
Armor: Leather armour    |    22 |       |       |       |       |       ||    22
       Scale mail        |    48 |    57 |       |       |       |       ||   105
       Chain mail        |       |    49 |   173 |   374 |   744 |   120 ||  1460
       Fire dragon scale |       |       |       |       |       |   124 ||   124
Dodge: Dodged            |   115 |    95 |   105 |   231 |   364 |   146 ||  1056
Block: Buckler           |       |       |       |   105 |   287 |   118 ||   510
       Rpst.: Unarmed    |       |       |       |       |       |    53 ||    53

Table legend: (Time is in decaauts)
 A = Elapsed time spent in this place.
 B = Non-inter-level travel time spent in this place.
 C = Inter-level travel time spent in this place.
 D = Time resting spent in this place.
 E = Time spent auto-exploring this place.
 F = Levels seen in this place.
 G = Mean time per level.
                   A        B        C        D        E       F      G
               +--------+--------+--------+--------+--------+-----+--------+
         Total |  33991 |  31658 |   2333 |   3076 |  18350 |  33 | 1030.0 |
       Dungeon |  15213 |  13930 |   1283 |   1289 |   8458 |  15 | 1014.2 |
          Lair |   6937 |   6203 |    734 |    528 |   3848 |   5 | 1387.4 |
        Shoals |   3977 |   3853 |    124 |    593 |   2067 |   4 |  994.2 |
   Spider Nest |   4012 |   3854 |    158 |    326 |   2451 |   4 | 1003.0 |
  Orcish Mines |   1833 |   1801 |     32 |    234 |    859 |   2 |  916.5 |
        Bailey |    839 |    839 |      0 |     97 |    238 |   1 |  839.0 |
       Volcano |    414 |    414 |      0 |      7 |    118 |   1 |  414.0 |
      Gauntlet |    763 |    763 |      0 |      0 |    310 |   1 |  763.0 |
               +--------+--------+--------+--------+--------+-----+--------+

Top non-repeatable levels by time:
     D:8: 2307 daAuts
  Lair:3: 1902 daAuts
  Lair:5: 1792 daAuts
Spider:3: 1728 daAuts
  Lair:2: 1442 daAuts
Shoals:3: 1391 daAuts
Shoals:1: 1380 daAuts
     D:5: 1371 daAuts
Spider:2: 1281 daAuts
     D:1: 1239 daAuts
    D:14: 1224 daAuts
     D:7: 1211 daAuts
Shoals:2: 1062 daAuts
   Orc:1: 1032 daAuts
     D:9: 1011 daAuts
